 Dungeon Crawl Stone Soup version 0.15.0-13-gb296d5c (webtiles) character file.

207 Aelig the Sneak (level 5, 0/33 HPs)
             Began as an Octopode Transmuter on Sept 3, 2014.
             Slain by salade2fruit's ghost (8 damage)
             ... on Level 4 of the Dungeon.
             The game lasted 00:10:40 (3684 turns).

Aelig the Sneak (Octopode Transmuter)               Turns: 3684, Time: 00:10:40

HP   0/33        AC  2     Str  9      XL: 5   Next: 85%
MP   3/9         EV 20     Int 16      God:
Gold 240         SH  0     Dex 18      Spells:  3 memorised,  2 levels left

rFire  . . .     SeeInvis .       - Unarmed
rCold  . . .     Clarity  .     (shield currently unavailable)
rNeg   . . .     rCorr    .     (helmet currently unavailable)
rPois  x         rRot     .     (no amulet)
rElec  .         Spirit   .     (no ring)
SustAb .         Warding  .     (no ring)
rMut   .         Stasis   .     (no ring)
Gourm  .                        (no ring)
MR     .....                    (no ring)
                                (no ring)
                                (no ring)
                                (no ring)

@: spider-form, very slightly contaminated, not resistant to hostile
enchantments, quite stealthy
A: almost no armour, amphibious, 8 rings, (constrict 8), (camouflage 0),
(gelatinous body 0)
a: End Transformation


You were on level 4 of the Dungeon.
You were not hungry.
You were in spider-form.
You visited 1 branch of the dungeon, and saw 5 of its levels.

You collected 240 gold pieces.

Inventory:

Missiles
 b - 159 arrows
 s - 50 stones (quivered)
Comestibles
 j - 2 meat rations
Scrolls
 f - 2 scrolls of identify
 h - 2 scrolls of random uselessness {unknown}
 i - 2 scrolls of teleportation {unknown}
 k - 4 scrolls of remove curse
 n - a scroll of blinking {unknown}
 o - a scroll of amnesia {unknown}
 p - 4 scrolls of immolation {unknown}
 q - 4 scrolls of fear {unknown}
 t - a scroll of recharging {unknown}
Jewellery
 c - a cursed ring of loudness {unknown}
 u - an uncursed ring of magical power {unknown}
Potions
 e - a potion of cancellation {unknown}
 g - a potion of magic {unknown}
 l - a potion of resistance {unknown}
 m - a potion of mutation {unknown}
 r - 2 potions of curing {unknown}
 v - a potion of heal wounds {unknown}
Books
 d - a book of Changes

   Spells                             Type                      Level
   *Beastly Appendage                 Transmutation                1
   *Sticks to Snakes                  Transmutation                2
   *Spider Form                       Transmutation/Poison         3
   Ice Form                           Ice/Transmutation            4
   Blade Hands                        Transmutation                5


   Skills:
 - Level 1.0 Fighting
 - Level 2.0 Dodging
 + Level 7.8 Stealth
 - Level 3.0 Unarmed Combat
 - Level 2.0 Spellcasting
 - Level 2.0 Transmutations


You had 2 spell levels left.
You knew the following spells:

 Your Spells              Type           Power        Failure   Level  Hunger
a - Beastly Appendage     Trmt           #.....       24%         1    #......
b - Sticks to Snakes      Trmt           #.........   32%         2    ###....
c - Spider Form           Trmt/Pois      #.........   61%         3    ####...


Dungeon Overview and Level Annotations

Branches:
Dungeon (5/15)
 Temple: D:4-7

Altars:
Elyvilon
Zin

Annotations:
D:3 CrazyArbalest's ghost, average DsHu; Grinder
D:4 salade2fruit's ghost, experienced KoHu


Innate Abilities, Weirdness & Mutations

You cannot wear most types of armour.
You are amphibious.
You can wear up to eight rings at the same time.
((You can use your tentacles to constrict many enemies at once.))
((Your skin changes colour to match your surroundings (Stealth).))
((Your rubbery body absorbs attacks (AC +1).))


Message History

Casting: Spider Form
Confirm with . or Enter, or press ? or * to list all spells.
You turn into a venomous arachnid creature.
Salade2fruit's ghost misses you.
You hit salade2fruit's ghost.
Salade2fruit's ghost is lightly damaged.
Salade2fruit's ghost hits you!
You hit salade2fruit's ghost but do no damage.
Salade2fruit's ghost is lightly damaged.
Salade2fruit's ghost hits you!
* * * LOW HITPOINT WARNING * * *
Drink which item? (? for menu, Esc to quit)
Okay, then.
Read which item? (? for menu, Esc to quit)
As you read the scroll labeled PHECLO SOSUSE, it crumbles to dust.
It is a scroll of identify.
Identify which item? (\ to view known items) (? for menu, Esc to quit)
k - 4 scrolls of remove curse Salade2fruit's ghost hits you!
You die...

###.#.##....#..#
#.........#
.##...##.#..#..#
#......[..#
.##..##........#
####.).####
.##.....#...##.# ##.##
.#...####.#.##o# #).#
...#..#...#.##.# ####.##
..........#.##.## #....#
..>###...##.#...#####.####
.........##.#...s.....#
..###.....#.#..W#######
.......#..#.#...#
.####..#........# .#
#.###......## .# #(#
###.#...###### .####.#
#..#.......### ##....#
##..#...##...#### #.####
##.#...####..).#


You could see salade2fruit's ghost.

Vanquished Creatures
  An ogre (D:4)
  A giant frog skeleton (D:4)
  4 adders
  2 worms
  4 giant geckos (D:2)
  2 orcs (D:3)
  3 giant cockroaches
  10 hobgoblins
  An ooze (D:1)
  A ball python (D:3)
  2 bats
  2 giant newts
  6 goblins
  4 kobolds
  An orc skeleton (D:4)
  5 rats
49 creatures vanquished.

Notes
Turn   | Place    | Note
--------------------------------------------------------------
     0 | D:1      | Aelig, the Octopode Transmuter, began the quest for the Orb.
     0 | D:1      | Reached XP level 1. HP: 13/13 MP: 3/3
    62 | D:1      | Reached skill level 1 in Stealth
   444 | D:2      | Found a white marble altar of Elyvilon.
   451 | D:2      | Reached XP level 2. HP: 18/18 MP: 4/4
  1227 | D:2      | Reached skill level 4 in Stealth
  1227 | D:2      | Reached XP level 3. HP: 10/23 MP: 4/6
  1231 | D:2      | Learned a level 2 spell: Sticks to Snakes
  1235 | D:2      | Learned a level 3 spell: Spider Form
  1891 | D:2      | Found a glowing silver altar of Zin.
  1941 | D:2      | Reached skill level 5 in Stealth
  2013 | D:2      | Reached XP level 4. HP: 28/28 MP: 7/7
  2491 | D:5      | Entered Level 5 of the Dungeon
  2530 | D:3      | Reached skill level 6 in Stealth
  2798 | D:3      | Noticed CrazyArbalest's ghost (average DsHu)
  2941 | D:4      | Noticed salade2fruit's ghost (experienced KoHu)
  3145 | D:3      | Reached XP level 5. HP: 33/33 MP: 7/9
  3276 | D:3      | Noticed Grinder
  3638 | D:4      | Noticed an ogre
  3645 | D:4      | Killed an ogre
  3645 | D:4      | Reached skill level 7 in Stealth
  3684 | D:4      | Slain by salade2fruit's ghost

Action                   |  1- 3 |  4- 6 || total
-------------------------+-------+-------++-------
Melee: Unarmed           |    60 |    55 ||   115
 Cast: Beastly Appendage |     8 |     4 ||    12
       Spider Form       |     2 |     5 ||     7
  Use: Scroll            |       |     1 ||     1
 Stab: Sleeping          |     5 |     7 ||    12
       Distracted        |     1 |       ||     1
  Eat: Chunk             |     3 |     4 ||     7
       Bread ration      |       |     1 ||     1
